 Dungeon Crawl Stone Soup version 0.15-a0-1689-gfa11693 (webtiles) character file.

15 Nikss the Grave Robber (level 2, 0/22 HPs)
             Began as a Draconian Necromancer on June 25, 2014.
             Slain by an adder (4 damage)
             ... on Level 1 of the Dungeon.
             The game lasted 00:11:57 (1071 turns).

Nikss the Grave Robber (Draconian Necromancer)      Turns: 1071, Time: 00:11:57

HP   0/22        AC  4     Str 10      XL: 2   Next: 34%
MP   4/4         EV 12     Int 15      God:
Gold 38          SH  0     Dex 11      Spells:  2 memorised,  3 levels left

rFire  . . .     SeeInvis .     (no weapon)
rCold  . . .     Clarity  .     (armour unavailable)
rNeg   . . .     rCorr    .     (no shield)
rPois  .         rRot     .     (helmet restricted)
rElec  .         Spirit   .     (no cloak)
SustAb .         Warding  .     (no gloves)
rMut   .         Stasis   .     (no boots)
Gourm  .                        (no amulet)
MR     .....                    (no ring)
                                (no ring)

@: not resistant to hostile enchantments, unstealthy
A: unfitting armour, cold-blooded, AC +4
a: no special abilities


You were on level 1 of the Dungeon.
You were hungry.

You visited 1 branch of the dungeon, and saw 2 of its levels.

You collected 38 gold pieces.

Inventory:

Hand weapons
 d - a +0 club
 h - a +0 hand axe of flaming
 l - a +0 short sword
 p - a +0 club
Missiles
 a - 20 stones (quivered)
 f - 40 arrows
 m - 16 bolts
Comestibles
 c - a bread ration
 g - a meat ration
 i - 5 fruits
Scrolls
 e - a scroll of noise {unknown}
 k - 3 scrolls of identify {unknown}
Potions
 n - a potion of magic {unknown}
Books
 b - a book of Necromancy

   Spells                             Type                      Level
   *Pain                              Necromancy                   1
   *Animate Skeleton                  Necromancy                   1
   Vampiric Draining                  Necromancy                   3
   Regeneration                       Charms/Necromancy            3
   Animate Dead                       Necromancy                   4
   Control Undead                     Necromancy                   4


   Skills:
 + Level 0.7 Fighting
 + Level 2.0 Dodging
 + Level 1.8 Stealth
 + Level 0.2 Unarmed Combat
 + Level 2.1 Spellcasting
 + Level 4.2 Necromancy


You had 3 spell levels left.
You knew the following spells:

 Your Spells              Type           Power        Failure   Level  Hunger
a - Pain                  Necr           ##..         4%          1    #......
b - Animate Skeleton      Necr           N/A          4%          1    #......


Dungeon Overview and Level Annotations

Branches:
Dungeon (2/15)

Altars:


Innate Abilities, Weirdness & Mutations

Your plain brown scales are hard (AC +4).
Your body does not fit into most forms of armour.
Your cold-blooded metabolism reacts poorly to cold.


Message History

The adder completely misses you.
Your giant gecko skeleton barely misses the adder.
Your giant gecko skeleton completely misses the adder.
The giant gecko misses you.
There is an open door here.
The giant gecko bites you but does no damage.
The giant gecko misses you. The adder barely misses you. The adder bites you.
The giant gecko bites you.
* * * LOW HITPOINT WARNING * * *
Your giant gecko skeleton bites the giant gecko but does no damage.
The giant gecko bites you.
* * * LOW HITPOINT WARNING * * *
There is an open door here.
Your giant gecko skeleton barely misses the giant gecko.
The adder closely misses you.
Your giant gecko skeleton bites the giant gecko.
There is a stone staircase leading down here.
The adder bites you.
You die...

#........#.Z.....##
##...#.#
#.##.###.##.....##
##....# #.##.# #.###Z..##
#.#### #.##.###.# ##'##
#.# #........# #Z# #.#
###.###### #># #.# #.#
##l## #.#
##.########.S.##### #.#
#...........@..##.## #.#
#.....###.#...##.#.## #.#
#.###.............#.###.#
#.# #####.######........#
#.#######.# ##.#######
#.........# ###
###########


You could see an adder, a giant gecko, a friendly giant newt skeleton and a
friendly giant gecko skeleton.

Vanquished Creatures
  A giant gecko (D:1)
  A bat (D:1)
  2 giant cockroaches (D:1)
  2 hobgoblins (D:1)
  2 giant newts (D:1)
  2 kobolds (D:1)
  2 rats
12 creatures vanquished.

Vanquished Creatures (collateral kills)
  A goblin (D:1)
  A hobgoblin (D:1)
2 creatures vanquished.

Vanquished Creatures (others)
  A bat skeleton (D:1)
  A hobgoblin skeleton (D:1)
2 creatures vanquished.

Grand Total: 16 creatures vanquished

Notes
Turn   | Place    | Note
--------------------------------------------------------------
     0 | D:1      | Nikss, the Draconian Necromancer, began the quest for the Orb.
     0 | D:1      | Reached XP level 1. HP: 14/14 MP: 3/3
     2 | D:1      | Noticed a vine stalker
     2 | D:1      | Noticed a tengu
     4 | D:1      | Noticed an ogre
     4 | D:1      | Noticed a vampire
     6 | D:1      | Noticed an elf
     8 | D:1      | Noticed a merfolk
    10 | D:1      | Noticed a draconian
    12 | D:1      | Noticed a gargoyle
    12 | D:1      | Noticed a minotaur
    14 | D:1      | Noticed a human
    14 | D:1      | Noticed an octopode
    16 | D:1      | Noticed a demigod
    18 | D:1      | Noticed a felid
    20 | D:1      | Noticed a ghoul
    20 | D:1      | Noticed a spriggan
    22 | D:1      | Noticed a centaur
    22 | D:1      | Noticed a naga
    28 | D:1      | Noticed a formicid
    28 | D:1      | Noticed a dwarf
    30 | D:1      | Noticed a troll
    30 | D:1      | Noticed a demonspawn
   119 | D:1      | Learned a level 1 spell: Animate Skeleton
   492 | D:1      | Reached XP level 2. HP: 15/20 MP: 4/4
  1071 | D:1      | Slain by an adder

Action                   || total
-------------------------++-------
Melee: Unarmed           ||    49
Throw: Stone             ||     2
 Cast: Animate Skeleton  ||     5
       Pain              ||     3
 Stab: Sleeping          ||     1
